 Dungeon Crawl Stone Soup version 0.15.1-1-gfacfea3 (webtiles) character file.

717 Johnny the Firebug (level 7, 0/55 HPs)
             Began as a Demigod Fire Elementalist on Sept 26, 2014.
             Slain by a wraith (1 damage)
             ... in an ossuary.
             The game lasted 00:10:45 (4715 turns).

Johnny the Firebug (Demigod Fire Elementalist)      Turns: 4715, Time: 00:10:45

HP   0/55        AC 12     Str 12      XL: 7   Next: 18%
MP   9/27        EV  9     Int 23      God:
Gold 142         SH  0     Dex 16      Spells:  2 memorised,  7 levels left

rFire  + . .     SeeInvis .     n - +3 whip (flame)
rCold  x . .     Clarity  .     h - +0 ring mail
rNeg   . . .     rCorr    .     (no shield)
rPois  .         rRot     .     y - +2 helmet
rElec  .         Spirit   .     t - +2 cloak (curse)
SustAb .         Warding  .     (no gloves)
rMut   .         Stasis   .     g - +0 pair of boots
Gourm  .                        (no amulet)
MR     .....                    x - ring of magical power
                                v - ring of fire

@: slowed, very slow, not resistant to hostile enchantments, unstealthy
A: no striking features
a: no special abilities


You were in an ossuary.
You were hungry.

You visited 1 branch of the dungeon, and saw 5 of its levels.
You also visited: Ossuary.

You collected 142 gold pieces.

Inventory:

Hand weapons
 d - a +0 short sword
 k - a +4 dagger
 n - a +3 whip of flaming (weapon)
 s - a +2 quarterstaff of chaos
Armour
 g - a +0 pair of boots (worn)
 h - a +0 ring mail (worn)
 t - a cursed +2 cloak (worn)
 y - a +2 helmet (worn)
Magical devices
 l - a wand of draining (3)
 A - a wand of confusion (7)
Comestibles
 a - 2 beef jerkies
 c - 6 bread rations
 u - a slice of pizza
 w - a meat ration
Scrolls
 e - a scroll of noise
 i - a scroll of enchant armour
 j - 3 scrolls of remove curse
 m - 3 scrolls of amnesia
 p - a scroll of enchant weapon
 q - 2 scrolls of teleportation
 r - a scroll of immolation
 B - 2 scrolls of recharging
Jewellery
 f - an uncursed ring of sustain abilities {unknown}
 v - a ring of fire (left hand)
 x - a ring of magical power (right hand)
Potions
 o - a potion of mutation {unknown}
 z - a potion of resistance
 C - a potion of agility {unknown}
Books
 b - a book of Flames

   Spells                             Type                      Level
   *Flame Tongue                      Conjuration/Fire             1
   Throw Flame                        Conjuration/Fire             2
   Conjure Flame                      Conjuration/Fire             3
   Inner Flame                        Hexes/Fire                   3
   *Sticky Flame                      Conjuration/Fire             4
   Fireball                           Conjuration/Fire             5


   Skills:
 + Level 2.2 Fighting
 + Level 1.8 Armour
 + Level 2.9 Dodging
 + Level 3.3 Stealth
 * Level 3.2 Spellcasting
 * Level 3.1 Conjurations
 * Level 4.3 Fire Magic
 + Level 0.0 Evocations


You had 7 spell levels left.
You knew the following spells:

 Your Spells              Type           Power        Failure   Level  Hunger
a - Flame Tongue          Conj/Fire      ####.        3%          1    None
b - Sticky Flame          Conj/Fire      ####....     34%         4    ####...


Dungeon Overview and Level Annotations

Branches:
Dungeon (5/15)             Temple (0/1) D:5


Message History

Aiming: Flame Tongue
Press: ? - help, Shift-Dir - straight line, f/p - wraith
Aim: a wraith (severely damaged)
You feel a surge of power!
The flame tongue misses the wraith.
The wraith hits you!
* * * LOW HITPOINT WARNING * * *
The wraith hits you.
* * * LOW HITPOINT WARNING * * *
The wraith drains your vigor!
You feel as though you will be slow longer.
* * * LOW HITPOINT WARNING * * *
Drink which item? (? for menu, Esc to quit)
Okay, then.
Read which item? (? for menu, Esc to quit)
Okay, then.
The wraith hits you!
* * * LOW HITPOINT WARNING * * *
The wraith drains your vigor!
You feel as though you will be slow longer.
You die...

#####################
#....................
#.∩...................
#.......#####'#####..
#......##..W@.....##
#.....##...#####...#
#....##...##...##...#
#....#...##.??!.##...#
#....+...+.!.!?!.#...+
#....#.. ##.?...## ..#
#....##. ##...## .##
#.....## ##### #
#......## ..


You could see a wraith.

Vanquished Creatures
  A centaur (D:3)
  An ogre (D:4)
  3 scorpions
  2 orc wizards (D:3)
  Crazy Yiuf (D:3)
  A giant frog skeleton (D:4)
  Ijyb (D:3)
  Jessica (D:2)
  An ogre skeleton (D:4)
  A mummy (Ossuary)
  9 adders
  3 gnolls (D:3)
  2 giant mites
  4 worms
  5 giant geckos
  An ooze (D:1)
  12 orcs (D:3)
  3 ball pythons
  A bat skeleton (D:4)
  4 giant cockroaches
  7 goblins
  4 hobgoblins
  2 quokkas
  5 bats
  3 giant newts
  3 gnoll skeletons (Ossuary)
  A hobgoblin skeleton (D:4)
  2 jackals (D:4)
  9 kobolds
  6 kobold skeletons
  9 orc skeletons (Ossuary)
  10 rats
  A rat skeleton (D:4)
119 creatures vanquished.

Notes
Turn   | Place    | Note
--------------------------------------------------------------
     0 | D:1      | Johnny, the Demigod Fire Elementalist, began the quest for the Orb.
     0 | D:1      | Reached XP level 1. HP: 14/14 MP: 3/3
   192 | D:1      | Reached skill level 1 in Conjurations
   372 | D:1      | Reached XP level 2. HP: 15/20 MP: 4/4
   991 | D:2      | Reached skill level 3 in Fire Magic
   991 | D:2      | Reached XP level 3. HP: 20/27 MP: 0/8
  1201 | D:2      | Found a radiant altar of Vehumet.
  1207 | D:2      | Reached skill level 1 in Fighting
  1567 | D:2      | Noticed Jessica
  1571 | D:2      | Reached XP level 4. HP: 35/35 MP: 8/10
  1577 | D:2      | Killed Jessica
  1829 | D:2      | Learned a level 4 spell: Sticky Flame
  2000 | D:3      | Noticed Crazy Yiuf
  2007 | D:3      | Killed Crazy Yiuf
  2007 | D:3      | Reached skill level 1 in Armour
  2103 | D:3      | Reached XP level 5. HP: 25/40 MP: 1/12
  2594 | D:3      | Found a bloodstained altar of Trog.
  2729 | D:3      | Found a blossoming altar of Fedhas.
  2746 | D:3      | Noticed Ijyb
  2752 | D:3      | Killed Ijyb
  2969 | D:3      | Noticed a centaur
  2975 | D:3      | Killed a centaur
  2975 | D:3      | Reached skill level 4 in Fire Magic
  2975 | D:3      | Reached XP level 6. HP: 42/47 MP: 4/15
  4216 | D:4      | Reached XP level 7. HP: 43/55 MP: 9/18
  4338 | D:5      | Entered Level 5 of the Dungeon
  4471 | D:5      | Found a staircase to the Ecumenical Temple.
  4498 | D:5      | Found a sand-covered staircase.
  4508 | Ossuary  | Entered an ossuary
  4508 | Ossuary  | Noticed a wraith
  4508 | Ossuary  | Noticed a wraith
  4508 | Ossuary  | Noticed a wraith
  4693 | Ossuary  | Noticed a wraith
  4715 | Ossuary  | HP: 1/55 [wraith (7)]
  4715 | Ossuary  | Slain by a wraith

Action                   |  1- 3 |  4- 6 |  7- 9 || total
-------------------------+-------+-------+-------++-------
Melee: Short sword       |    45 |       |       ||    45
       Whip              |    36 |   141 |    30 ||   207
 Cast: Flame Tongue      |    33 |    47 |    28 ||   108
       Sticky Flame      |       |     4 |     5 ||     9
Evoke: Wand              |       |       |     1 ||     1
  Use: Scroll            |       |     8 |     2 ||    10
       Potion            |       |     3 |       ||     3
 Stab: Distracted        |     1 |       |       ||     1
       Sleeping          |       |     3 |     1 ||     4
  Eat: Chunk             |     2 |     7 |       ||     9
       Fruit             |       |     2 |       ||     2
       Royal jelly       |       |     1 |     1 ||     2
